Map: Whispers of Gold

Players

SZNightMare (NightMare)

  • Race: Protoss Protoss
  • Spawn Location: 5:00

SKillous - Winner!

  • Race: Protoss Protoss
  • League: Grandmaster
  • Spawn Location: 9:00

Event: HomeStory Cup XXVI

VOD

Have the link to the VOD?

Description

Time

  • Played on: Nov. 29, 2024, 9:54 a.m.
  • Length: 4:56

All games in this series

Show
View Real Time Build Order
Export as new Build Order

SZNightMare Protoss 

Build Orders:  

Get SALT Encoding   

  12  0:00  Probe  
  13  0:12  Probe  
  14  0:17  Pylon  
  14  0:24  Probe  
  15  0:32  Probe  
  15  0:38  Gateway  
  15  0:40  Probe  
  16  0:48  Assimilator  
  17  0:50  Probe  
  17  0:56  Assimilator  
  18  1:03  Probe  
  19  1:10  Gateway  
  19  1:11  Probe  
  20  1:19  Probe  
  21  1:25  Cybernetics Core  
  21  1:29  Probe  
  22  1:36  Pylon  
  22  1:57  Warp Gate  
  22  1:59  Stalker x2  
  26  2:26  Stalker x2, Pylon  
  30  2:32  Robotics Facility  
  30  2:41  Gateway  
  30  2:53  Stalker x2  
  34  3:09  Warp Prism  
  34  3:13  Pylon  
  36  3:27  Shield Battery  
  36  3:47  Stalker  
  36  3:48  Stalker  
  40  3:51  Stalker  
  42  3:57  Observer  
  42  4:00  Pylon  
  43  4:23  Stalker x2  
Show
View Real Time Build Order
Export as new Build Order

SKillous Protoss - Winner!

Build Orders: Phoenix Opening 

Get SALT Encoding   

  12  0:00  Probe  
  13  0:12  Probe  
  14  0:17  Pylon  
  14  0:24  Probe  
  15  0:32  Probe  
  15  0:37  Gateway  
  15  0:40  Probe  
  16  0:47  Assimilator  
  17  0:50  Probe  
  17  0:55  Assimilator  
  18  0:59  Probe  
  19  1:08  Probe  
  19  1:09  Gateway  
  19  1:18  Probe  
  21  1:26  Cybernetics Core  
  21  1:30  Probe  
  22  1:37  Pylon  
  22  1:42  Probe  
  23  1:55  Probe  
  23  1:59  Stalker x2  
  24  2:02  Warp Gate  
  24  2:07  Probe  
  29  2:14  Pylon  
  29  2:20  Probe  
  30  2:31  Sentry x2  
  34  2:50  Nexus  
  34  2:59  Robotics Facility  
  33  3:06  Shield Battery  
  33  3:08  Sentry  
  36  3:17  Pylon  
  35  3:20  Probe  
  35  3:24  Phoenix  
  36  3:32  Probe  
  37  3:34  Shield Battery  
  37  3:36  Immortal  
  37  3:44  Probe  
  42  3:53  Sentry  
  44  3:56  Stalker  
  44  3:59  Probe  
  44  4:02  Probe  
  48  4:05  Immortal  
  52  4:24  Adept x2  
Tags
 
Add a new tag
Caveats
  • Supply blocks, unpowered buildings, or Contaminate may cause inaccurate times.
  • Supply counts are checked every 10 seconds.